 Dungeon Crawl Stone Soup version 0.21.1-1-g345015f (webtiles) character file.

516 Mirai the Cutter (level 7, -2/46 HPs)
             Began as a Halfling Fighter on Mar 16, 2018.
             Killed themself with a badly aimed iceblast (3 damage)
             ... on level 4 of the Dungeon.
             The game lasted 00:12:04 (3263 turns).

Mirai the Cutter (Halfling Fighter)                 Turns: 3263, Time: 00:12:05

Health: -2/46      AC:  4    Str: 17    XL:     7   Next: 44%
Magic:  7/7        EV: 19    Int:  6    God:
Gold:   158        SH:  6    Dex: 16    Spells: 6/6 levels left

rFire    . . .     SeeInvis .   a - +0 rapier
rCold    . . .     Gourm    .   p - +0 buckler
rNeg     . . .     Faith    .   m - +0 leather armour
rPois    .         Spirit   .   u - +0 helmet
rElec    .         Reflect  .   (no cloak)
rCorr    .         Harm     .   (no gloves)
MR       .....                  (no boots)
Stlth    ++........             (no amulet)
HPRegen  0.15/turn              l - +5 ring of evasion
MPRegen  0.10/turn              d - ring of flight

@: no status effects
A: small, mutation resistance 1
a: Evoke Flight


You were on level 4 of the Dungeon.
You were not hungry.

You visited 2 branches of the dungeon, and saw 5 of its levels.

You collected 158 gold pieces.

Inventory:

Hand Weapons
 a - a +0 rapier (weapon)
 k - a +0 dagger
 o - a +0 dagger
 s - a +0 dagger
 t - a +0 dagger
 v - a +0 dagger
 w - a +0 dagger
 x - a +0 short sword
Armour
 c - a +0 shield
 m - a +0 leather armour (worn)
 p - a +0 buckler (worn)
 u - a +0 helmet (worn)
Jewellery
 d - a ring of flight (right hand)
 l - a +5 ring of evasion (left hand)
Wands
 A - a wand of random effects (24)
Scrolls
 e - a scroll of noise {unknown}
 g - a scroll of fear {unknown}
 h - 4 scrolls of remove curse {unknown}
 i - a scroll of enchant armour {unknown}
 j - 9 scrolls of identify {unknown}
 n - 4 scrolls of teleportation {unknown}
 y - a scroll of random uselessness {unknown}
Potions
 q - a potion of curing {unknown}
 r - a potion of cancellation {unknown}
 z - a potion of mutation {unknown}
Comestibles
 b - 7 chunks of flesh
 f - 2 rations


   Skills:
 + Level 3.3 Fighting
 + Level 5.7 Short Blades
 + Level 4.2 Armour
 + Level 1.9 Dodging
 * Level 3.7 Stealth
 + Level 4.4 Shields
 + Level 0.1 Evocations


You had 6 spell levels left.
You didn't know any spells.

Dungeon Overview and Level Annotations

Branches:
Dungeon (4/15)             Temple (1/1) D:4

Altars:
Ashenzari
Cheibriados
Elyvilon
Fedhas
Hepliaklqana
Kikubaaqudgha
Makhleb
Nemelex Xobeh
Okawaru
Ru
Sif Muna
Uskayaw
Vehumet
Wu Jian
Xom
Yredelemnul
Zin

Annotations:
D:3 2 transporters


Innate Abilities, Weirdness & Mutations

You are small and have problems with some larger weapons.
You are somewhat resistant to further mutation.


Message History

The phantom blinks!
You closely miss the phantom.
The phantom is almost destroyed.
The phantom misses you.
Unknown command.
Evoke which item? (* to show all) (? for menu, Esc to quit)
Aiming: Random Effects
Press: ? - help, Shift-Dir - straight line, f/p - phantom
Aim: a phantom (almost destroyed)
The puff of flame misses the phantom.
The phantom hits you.
* * * LOW HITPOINT WARNING * * *
Evoke which item? (* to show all) (? for menu, Esc to quit)
Aiming: Random Effects
Press: ? - help, Shift-Dir - straight line, f/p - phantom
Aim: a phantom (almost destroyed)
The mass of ice explodes!
The iceblast engulfs the phantom.
The phantom partially resists.
You destroy the phantom!
The iceblast engulfs you!
You die...

####### #...... #.#####
#.# #.# #.# ##############
#.# .........@...# #####.#
.####.######.# #.....# #
###.# #.# #.##### #. #...#
#.# #[# ##.##...######.#
#.# #####
#.>.......##...###.##
#....
#...................#
#....
......#.......##..####.###
#....................#


There were no monsters in sight!

Vanquished Creatures
  The ghost of Goblin1989 the Conjurer, an amateur DsWz (D:4)
  A phantom (D:4)
  A hound (D:4)
  3 worker ants
  A hound skeleton (D:4)
  Robin (D:3)
  3 adders
  3 worms (D:2)
  3 dart slugs
  A leopard gecko (D:1)
  3 orcs
  A ball python (D:3)
  4 bats
  3 giant cockroaches
  13 goblins
  9 hobgoblins
  7 jackals
  2 quokkas (D:4)
  6 frilled lizards
  7 kobolds
  6 rats
79 creatures vanquished.

Vanquished Creatures (others)
  2 ball pythons (D:2)
  A goblin (D:2)
3 creatures vanquished.

Grand Total: 82 creatures vanquished

Notes
Turn   | Place    | Note
-------+----------+-------------------------------------------
     0 | D:1      | Mirai the Halfling Fighter began the quest for the Orb.
     0 | D:1      | Reached XP level 1. HP: 15/15 MP: 1/1
    80 | D:1      | Reached XP level 2. HP: 20/20 MP: 2/2
    90 | D:1      | Reached skill level 3 in Short Blades
   248 | D:1      | Reached skill level 1 in Stealth
   445 | D:1      | Reached XP level 3. HP: 25/25 MP: 3/3
  1016 | D:2      | Found a radiant altar of Vehumet.
  1372 | D:2      | Reached XP level 4. HP: 24/30 MP: 4/4
  1383 | D:2      | Found a blossoming altar of Fedhas.
  1618 | D:2      | Found a faded altar of an unknown god.
  1822 | D:3      | Found an iron altar of Okawaru.
  1826 | D:3      | Noticed an ogre
  1827 | D:3      | Noticed a hippogriff
  1828 | D:3      | Found a transporter.
  1950 | D:3      | Found a transporter.
  2046 | D:3      | Noticed Robin
  2062 | D:3      | Reached XP level 5. HP: 33/36 MP: 5/5
  2087 | D:3      | Killed Robin
  2163 | D:3      | Reached skill level 4 in Short Blades
  2422 | D:4      | Found a staircase to the Ecumenical Temple.
  2430 | Temple   | Entered the Ecumenical Temple
  2606 | D:4      | Noticed Goblin1989's ghost (amateur DsWz)
  2702 | D:4      | HP: 1/36 [Goblin1989's ghost/magic dart (7)]
  2709 | D:4      | Killed Goblin1989's ghost
  2709 | D:4      | Reached skill level 5 in Short Blades
  2709 | D:4      | Reached skill level 1 in Dodging
  2709 | D:4      | Reached XP level 6. HP: 2/42 MP: 6/6
  3134 | D:4      | Reached XP level 7. HP: 37/46 MP: 7/7
  3262 | D:4      | HP: 1/46 [phantom (4)]
  3263 | D:4      | Killed themself with a badly aimed iceblast

Skill      XL: |  1  2  3  4  5 |
---------------+----------------+-----
Short Blades   | 3 5 |  5.7
Stealth        | 1 2 3 |  3.7
Fighting       | 3 |  3.3
Shields        | 4 |  4.4
Armour         | 4 |  4.2
Dodging        | 1 |  1.9
Evocations     | |  0.1

Action                   |  1- 3 |  4- 6 |  7- 9 || total
-------------------------+-------+-------+-------++-------
Melee: Rapier            |   153 |   180 |    34 ||   367
Evoke: Wand              |       |       |     3 ||     3
  Use: Potion            |       |     2 |       ||     2
  Eat: Chunk             |     2 |     5 |     1 ||     8
Armor: Scale mail        |    46 |    43 |       ||    89
       Skin              |       |     4 |       ||     4
       Leather armour    |       |       |     2 ||     2
Dodge: Dodged            |    84 |   135 |    16 ||   235
Block: Shield            |    82 |    31 |       ||   113
       Buckler           |       |    42 |     8 ||    50
